 Dungeon Crawl Stone Soup version 0.25-a0-869-g05d4e06a41 (webtiles) character file.

Game seed: 7158351383827971308, levelgen mode: deterministic

9 gruber the Charmwright (level 2, 0/26 HPs)
             Began as a Gnoll Skald on Apr 30, 2020.
             Slain by an ooze (4 damage)
             ... on level 1 of the Dungeon.
             The game lasted 00:00:17 (163 turns).

gruber the Charmwright (Gnoll Skald)                 Turns: 163, Time: 00:00:17

Health: 0/26       AC:  4    Str: 13    XL:     2   Next: 16%
Magic:  7/7        EV: 14    Int: 15    God:
Gold:   0          SH:  0    Dex: 14    Spells: 9/10 levels left

rFire    . . .     SeeInvis .   a - +0 spear
rCold    . . .     Gourm    .   (no shield)
rNeg     . . .     Faith    .   b - +0 leather armour
rPois    .         Spirit   .   (no helmet)
rElec    .         Reflect  .   (no cloak)
rCorr    .         Harm     .   (no gloves)
MR       .....                  c - +0 pair of boots
Stlth    +.........             (no amulet)
HPRegen  0.08/turn              (no ring)
MPRegen  0.10/turn              (no ring)

@: no status effects
A: distributed training, fangs 1, strong nose
a: no special abilities


You were on level 1 of the Dungeon.
You were not hungry.

You visited 1 branch of the dungeon, and saw 1 of its levels.

Inventory:

Hand Weapons
 a - a +0 spear (weapon)
Armour
 b - a +0 leather armour (worn)
 c - a +0 pair of boots (worn)
Comestibles
 d - a ration


   Skills:
 + Level 4.4 Fighting
 + Level 0.3 Short Blades
 + Level 0.3 Long Blades
 + Level 0.3 Axes
 + Level 0.3 Maces & Flails
 + Level 4.4 Polearms
 + Level 0.3 Staves
 + Level 0.3 Slings
 + Level 0.3 Bows
 + Level 0.3 Crossbows
 + Level 0.3 Throwing
 + Level 2.4 Armour
 + Level 4.4 Dodging
 + Level 0.3 Stealth
 + Level 0.3 Shields
 + Level 0.3 Unarmed Combat
 + Level 4.9 Spellcasting
 + Level 0.2 Conjurations
 + Level 0.2 Hexes
 + Level 5.3 Charms
 + Level 0.2 Summonings
 + Level 0.2 Necromancy
 + Level 0.2 Translocations
 + Level 0.2 Transmutations
 + Level 0.2 Fire Magic
 + Level 0.2 Ice Magic
 + Level 0.2 Air Magic
 + Level 0.2 Earth Magic
 + Level 0.2 Poison Magic
 + Level 0.4 Invocations
 + Level 0.3 Evocations


You had 9 spell levels left.
You knew the following spells:

 Your Spells              Type           Power        Failure   Level  Hunger
a - Infusion              Chrm           ###.         2%          1    None

Your spell library contained the following spells:

 Spells                   Type           Power        Failure   Level  Hunger
 Song of Slaying          Chrm           ###.....     3%          2    ##.....
 Shroud of Golubria       Chrm/Tloc      ##....       10%         2    ##.....
 Ozocubu's Armour         Chrm/Ice       ##......     21%         3    ###....
 Spectral Weapon          Hex/Chrm       ##......     21%         3    ###....


Dungeon Overview and Level Annotations

Branches:
Dungeon (1/15)

Altars:


Innate Abilities, Weirdness & Mutations

Your experience applies equally to all skills.
You have very sharp teeth.
Your uncanny sense of smell can sniff out nearby items.


Message History

Unknown command.
Attack whom?
Press: ? - help, Dir - move target cursor, f/p - goblin
Aim: a goblin, wielding a +0 club You hit the goblin.
You kill the goblin!
Unknown command.
Attack whom?
Press: ? - help, Dir - move target cursor, f - ooze
Aim: an ooze You reach to attack!
You hit the ooze.
The ooze is lightly wounded.
Unknown command.
Attack whom?
Press: ? - help, Dir - move target cursor, f/p - ooze
Aim: an ooze (lightly wounded)
You barely miss the ooze.
The ooze is lightly wounded.
The ooze hits you.
You die...

.##... .....
.... ... .#
∆ .. .# #.
.# #J##.# #
∆#.@#.# #
##.#.# ####
∆ #...#
##... ##..#
#..## #>.#
#..#. #.>#
#..#. ##)#
#..#. #.#
#..#. #.#
########..##


You could see an ooze.

Vanquished Creatures
  A dart slug (D:1)
  A goblin (D:1)
  2 jackals (D:1)
  2 kobolds (D:1)
  A frilled lizard (D:1)
7 creatures vanquished.

Notes
Turn   | Place    | Note
-------+----------+-------------------------------------------
     0 | D:1      | gruber the Gnoll Skald began the quest for the Orb.
     0 | D:1      | Reached XP level 1. HP: 20/20 MP: 6/6
   159 | D:1      | Reached XP level 2. HP: 4/26 MP: 7/7
   163 | D:1      | Slain by an ooze

Levels and vault maps discovered:
D:1:      dpeg_arrival_windows_large_door, layout_basic, st_stairs_1

Action                   || total
-------------------------++-------
Melee: Spear             ||    29
       Bite              ||     3
Armor: Leather armour    ||     1
Dodge: Dodged            ||    11

Table legend:
 A = Non-vault XP
 B = Vault XP
 C = Vault XP percentage of total XP
 D = Non-vault monster count
 E = Vault monster count
 F = Vault count percentage of total count
                 A         B        C        D         E       F
            +---------+---------+-------+---------+---------+-------
      Total |      14 |       0 |   0.0 |       7 |       0 |   0.0
            +---------+---------+-------+---------+---------+-------
        D:1 |      14 |       0 |   0.0 |       7 |       0 |   0.0
            +---------+---------+-------+---------+---------+-------
